Map: Dreamcatcher LE

Players

CalebAracous

  • Race: Zerg Zerg
  • Spawn Location: 11:00

DisK - Winner!

  • Race: Protoss Protoss
  • Spawn Location: 5:00

Event: WCS Montreal 2018

VOD

Have the link to the VOD?

Description

Time

  • Played on: Sept. 7, 2018, 1:08 p.m.
  • Length: 15:18

All games in this series

Show
View Real Time Build Order
Export as new Build Order

CalebAracous Zerg 

Build Orders: Hatch First, Lurkers 

Get SALT Encoding   

  12  0:00  Drone  
  13  0:12  Overlord  
  13  0:17  Drone  
  14  0:32  Drone x2  
  16  0:48  Hatchery  
  15  0:51  Drone  
  15  0:55  Drone  
  17  0:58  Drone  
  18  1:09  Extractor  
  17  1:14  Spawning Pool  
  17  1:17  Drone  
  17  1:20  Drone  
  18  1:30  Drone  
  19  1:41  Drone  
  20  1:52  Overlord  
  20  2:01  Queen x2  
  20  2:03  Zergling x2  
  20  2:04  Zergling x2  
  26  2:11  Metabolic Boost  
  26  2:16  Drone x2  
  28  2:24  Drone x2  
  30  2:37  Hatchery  
  30  2:43  Queen  
  31  2:48  Overlord  
  31  2:54  Overlord  
  31  3:08  Drone x5  
  35  3:17  Spore Crawler  
  35  3:19  Drone x2, Spore Crawler  
  34  3:20  Drone  
  35  3:27  Drone  
  35  3:29  Overlord  
  35  3:30  Drone  
  35  3:31  Drone  
  38  3:37  Queen  
  40  3:42  Zergling x4  
  40  3:45  Drone  
  43  3:50  Queen  
  43  3:52  Drone x2  
  47  3:57  Drone x2  
  47  3:58  Drone  
  50  4:04  Overlord  
  50  4:11  Spore Crawler, Drone  
  50  4:12  Drone x2  
  52  4:17  Overlord  
  52  4:18  Lair  
  52  4:22  Overlord  
  52  4:33  Roach Warren  
  52  4:34  Extractor  
  52  4:35  Extractor, Drone x4  
  53  4:42  Drone x5  
  58  4:54  Drone x4  
  58  4:55  Drone x3  
  64  5:02  Zergling x12  
  69  5:07  Zergling x6  
  72  5:17  Glial Reconstitution  
  72  5:18  Drone  
  73  5:23  Drone x2  
  73  5:24  Extractor  
  74  5:32  Roach  
  74  5:33  Roach x2  
  80  5:37  Overlord x3  
  80  5:38  Overlord x2  
  80  5:47  Roach  
  81  5:57  Roach x7  
  87  6:11  Drone x4  
  87  6:12  Drone x3  
  86  6:26  Roach x4  
  91  6:34  Drone  
  91  6:35  Drone x2  
  94  6:44  Drone x6  
  99  6:54  Evolution Chamber  
  98  7:03  Drone x2  
  98  7:04  Drone, Roach  
  98  7:05  Roach x2  
  106  7:09  Queen  
  106  7:11  Extractor  
  107  7:16  Roach x4  
  107  7:17  Roach  
  107  7:18  Overlord  
  107  7:21  Zerg Missile Weapons Level 1  
  117  7:24  Ravager x5  
  117  7:25  Hatchery  
  117  7:26  Ravager  
  122  7:46  Roach  
  122  7:47  Roach x3  
  128  7:54  Overlord x2  
  128  8:02  Ravager x2  
  130  8:12  Roach x10  
  140  8:25  Roach x2  
  140  8:26  Roach x8  
  141  8:27  Overlord x3  
  141  8:39  Roach x3  
  141  8:41  Ravager  
  136  8:50  Roach x7  
  146  9:05  Roach  
  146  9:06  Roach x7  
  146  9:07  Queen  
  146  9:08  Overlord  
  146  9:09  Overlord x2  
  164  9:16  Queen  
  143  9:17  Drone x3  
  145  9:24  Zerg Missile Weapons Level 2  
  145  9:25  Extractor  
  145  9:26  Hydralisk Den  
  145  9:30  Drone x7  
  146  9:49  Drone x2  
  148  9:58  Muscular Augments, Pneumatized Carapace  
  148  10:01  Hydralisk x2, Lurker Den  
  148  10:04  Drone  
  148  10:05  Drone  
  148  10:06  Drone  
  154  10:08  Drone x11  
  154  10:10  Extractor  
  164  10:21  Hydralisk  
  164  10:22  Hydralisk x5  
  176  10:28  Extractor  
  168  10:51  Hydralisk, Drone x2  
  168  10:52  Drone  
  168  10:54  Hydralisk x8  
  189  11:09  Spine Crawler  
  189  11:10  Grooved Spines  
  189  11:11  Spore Crawler  
  187  11:26  Hydralisk x4  
  187  11:27  Hydralisk x2  
  190  11:54  Hatchery  
  190  11:55  Hatchery  
  190  11:58  Lurker x2  
  190  11:59  Lurker x4  
  192  12:01  Lurker  
  192  12:02  Overlord x4  
  185  12:14  Overlord x4  
  185  12:21  Hydralisk x5  
  187  12:35  Hydralisk x8  
  187  12:43  Hydralisk x2  
  189  12:46  Overseer x2  
  189  12:53  Hatchery  
  185  13:01  Hatchery  
  184  13:12  Hydralisk x8  
  166  13:22  Hydralisk x2  
  164  13:33  Hydralisk  
  164  13:34  Hydralisk x2  
  131  13:40  Hydralisk  
  131  13:41  Hydralisk  
  127  13:45  Roach  
  127  13:46  Roach  
  123  13:49  Roach x4  
  123  13:51  Hydralisk x2  
  131  13:56  Roach x3  
  131  14:01  Queen x3  
  139  14:12  Lurker x2  
  139  14:13  Hydralisk x2  
  139  14:16  Roach x5  
  151  14:21  Roach x3  
  147  14:35  Lurker  
  147  14:36  Lurker x2  
  146  14:40  Hydralisk x2  
  146  14:44  Hydralisk x2  
Show
View Real Time Build Order
Export as new Build Order

DisK Protoss - Winner!

Build Orders: 1 Gate Expand, Oracle Opening, Phoenix Opening 

Get SALT Encoding   

  12  0:01  Probe  
  13  0:13  Probe  
  14  0:19  Pylon  
  14  0:24  Probe  
  15  0:33  Probe  
  15  0:41  Probe  
  16  0:43  Gateway  
  16  0:48  Assimilator  
  17  0:52  Probe  
  18  1:00  Probe  
  18  1:08  Probe  
  20  1:28  Nexus  
  20  1:38  Cybernetics Core  
  20  1:42  Probe  
  21  1:47  Assimilator  
  21  1:54  Pylon  
  21  1:57  Probe  
  22  2:04  Stalker  
  22  2:09  Probe  
  25  2:21  Stargate  
  25  2:24  Probe  
  26  2:35  Adept  
  26  2:36  Probe x2  
  28  2:39  Warp Gate  
  29  2:44  Probe  
  29  2:48  Probe  
  31  2:54  Probe  
  31  2:56  Oracle  
  32  3:00  Probe  
  33  3:12  Probe  
  37  3:18  Pylon  
  37  3:23  Probe  
  37  3:24  Probe  
  39  3:32  Phoenix  
  41  3:35  Probe  
  41  3:36  Shield Battery  
  41  3:41  Twilight Council  
  42  3:42  Probe  
  43  3:49  Gateway  
  43  3:50  Probe  
  43  3:53  Resonating Glaives  
  43  3:55  Gateway  
  44  3:59  Gateway  
  44  4:03  Probe  
  44  4:05  Probe  
  44  4:06  Assimilator  
  46  4:12  Probe  
  47  4:17  Probe  
  47  4:20  Pylon  
  47  4:23  Pylon  
  48  4:27  Probe  
  48  4:29  Probe  
  50  4:39  Probe  
  50  4:41  Robotics Facility, Probe  
  50  4:44  Adept x2  
  56  4:51  Adept, Probe  
  59  4:54  Adept  
  59  4:56  Probe  
  59  4:57  Assimilator  
  62  5:04  Probe  
  62  5:05  Adept x2  
  67  5:11  Adept  
  69  5:18  Pylon  
  69  5:25  Pylon  
  69  5:26  Nexus  
  69  5:31  Pylon  
  69  5:35  Immortal  
  73  5:50  Adept x2  
  73  5:51  Adept x2  
  81  6:02  Immortal  
  79  6:11  Sentry x4  
  83  6:28  Probe  
  84  6:38  Immortal  
  84  6:39  Robotics Facility, Gateway x2  
  84  6:43  Nexus  
  88  6:49  Shield Battery  
  88  6:52  Shield Battery  
  88  6:55  Sentry x2  
  88  6:56  Sentry  
  94  7:06  Pylon  
  94  7:07  Pylon  
  94  7:08  Pylon, Probe x2  
  90  7:20  Warp Prism, Adept x2  
  94  7:27  Sentry  
  94  7:28  Sentry  
  100  7:38  Adept x2  
  104  7:51  Adept x4  
  104  7:53  Observer  
  113  8:00  Robotics Bay  
  101  8:21  Stalker  
  101  8:22  Stalker x4  
  101  8:26  Stalker x6  
  107  8:29  Probe x3  
  98  8:48  Stalker x2  
  98  8:49  Stalker x2  
  98  8:50  Adept x2  
  108  8:55  Probe  
  108  8:56  Probe  
  108  8:59  Probe  
  111  9:03  Assimilator  
  111  9:05  Assimilator  
  109  9:21  Probe  
  109  9:22  Disruptor, Probe x2  
  109  9:23  Disruptor  
  118  9:31  Blink  
  118  9:32  Pylon  
  118  9:34  Pylon, Forge  
  118  9:37  Pylon  
  118  9:41  Nexus  
  114  9:50  Disruptor  
  114  9:54  Adept x2  
  118  10:00  Disruptor  
  118  10:06  Pylon  
  124  10:08  Probe x3  
  124  10:09  Pylon  
  124  10:10  Stalker  
  124  10:11  Stalker x3  
  135  10:20  Stalker x2  
  139  10:30  Disruptor  
  139  10:34  Stalker  
  144  10:36  Disruptor  
  144  10:37  Protoss Ground Weapons Level 1  
  145  10:52  Stalker x2  
  145  10:53  Stalker x3  
  145  10:55  Probe x3  
  158  10:59  Probe  
  156  11:07  Probe x2  
  156  11:08  Gateway  
  156  11:10  Gateway  
  158  11:12  Disruptor  
  155  11:50  Adept x2  
  155  11:53  Stalker x4  
  142  12:15  Stalker x2  
  137  12:16  Stalker x4  
  137  12:17  Probe x2  
  137  12:20  Assimilator x2  
  137  12:21  Protoss Ground Weapons Level 2  
  143  12:32  Disruptor x2  
  145  12:42  Nexus  
  145  12:44  Charge  
  145  12:45  Pylon  
  141  13:00  Stalker x3  
  141  13:01  Stalker x5  
  155  13:14  Pylon  
  155  13:17  Disruptor  
  156  13:20  Pylon  
  156  13:27  Disruptor  
  131  13:45  Nexus  
  131  13:47  Observer  
  131  13:51  Stalker x4  
  140  13:57  Disruptor  
  140  13:58  Probe x3  
  146  14:10  Probe  
  145  14:24  Stalker x4  
  145  14:25  Stalker  
  155  14:34  Probe x3  
  162  14:57  Zealot  
  162  14:58  Zealot x3  
  170  15:02  Probe  
  170  15:03  Probe  
Tags
 
Add a new tag
Caveats
  • Supply blocks, unpowered buildings, or Contaminate may cause inaccurate times.
  • Supply counts are checked every 10 seconds.